Map: Deathaura LE

Players

Kevin - Winner!

  • Race: Terran Terran
  • Spawn Location: 11:00

VOD

Have the link to the VOD?

Description

Time

  • Played on: Nov. 20, 2020, 7:50 a.m.
  • Length: 12:50
Show
View Real Time Build Order
Export as new Build Order

Kevin Terran - Winner!

Build Orders:  

Get SALT Encoding   

  12  0:00  SCV  
  13  0:17  SCV  
  14  0:27  Supply Depot  
  14  0:34  SCV  
  15  0:44  Refinery  
  15  0:57  SCV  
  16  1:04  Barracks  
  16  1:14  SCV  
  17  1:30  SCV  
  18  1:47  SCV  
  19  2:04  SCV  
  20  2:26  Command Center  
  20  2:27  Reaper  
  21  2:39  Orbital Command  
  22  3:12  Reaper  
  22  3:13  Barracks x2  
  22  3:21  SCV  
  22  3:28  Supply Depot  
  23  3:45  Supply Depot  
  23  3:50  Supply Depot  
  23  3:58  SCV  
  24  4:01  Marine  
  25  4:12  Supply Depot  
  26  4:23  Orbital Command  
  25  4:38  SCV  
  26  4:43  Supply Depot, Unknown  
  26  4:46  Unknown  
  26  4:53  Marine  
  26  4:54  Marine x2  
  26  4:55  SCV  
  30  5:02  SCV  
  30  5:04  Unknown  
  31  5:11  Unknown  
  31  5:12  SCV  
  32  5:23  Marine x3  
  32  5:26  SCV  
  32  5:29  SCV  
  37  5:48  Unknown, Marine x3  
  39  5:56  SCV  
  39  5:57  SCV  
  40  6:05  Refinery  
  40  6:08  Refinery  
  40  6:13  SCV  
  40  6:14  SCV  
  42  6:21  Barracks Tech Lab, Barracks Reactor  
  42  6:22  Barracks Reactor  
  42  6:30  Refinery, SCV  
  42  6:31  SCV  
  42  6:35  Factory  
  44  6:44  Engineering Bay  
  44  6:50  Supply Depot, Marauder  
  44  6:58  Bunker  
  46  7:05  Unknown  
  46  7:19  Command Center  
  46  7:20  SCV x2  
  46  7:22  Supply Depot  
  48  7:34  Marauder, Marine x3  
  48  7:35  Marine  
  48  7:37  SCV x2, Factory Tech Lab  
  56  7:47  Terran Infantry Weapons Level 1  
  56  7:53  Supply Depot  
  56  7:54  SCV x2  
  58  8:10  Siege Tank  
  58  8:19  SCV x2  
  63  8:24  Marauder, Marine x3  
  63  8:25  Marine  
  69  8:34  Starport  
  69  8:51  Supply Depot  
  69  8:52  Marine x4  
  69  8:55  Concussive Shells, Marauder  
  69  8:57  SCV  
  69  8:58  SCV  
  77  9:06  Siege Tank  
  77  9:14  Siege Tank  
  77  9:17  Marine x4  
  86  9:24  Supply Depot  
  86  9:25  Marauder, Stimpack  
  86  9:30  Starport Reactor  
  86  9:42  Marine x4  
  86  9:43  Orbital Command  
  90  9:55  Supply Depot, Marauder  
  90  9:58  Siege Tank  
  95  10:16  Marine x4  
  99  10:21  Medivac x2, Siege Tank  
  99  10:22  Siege Tank  
  99  10:25  Marauder  
  105  10:30  Refinery  
  105  10:31  Refinery  
  105  10:40  Marine  
  105  10:41  Marine x3  
  105  10:43  Siege Tank  
  108  11:09  Marauder  
  107  11:10  Marine x4  
  107  11:13  Siege Tank  
  107  11:14  Siege Tank  
  111  11:20  Medivac  
  111  11:21  Medivac  
  115  11:35  Marine x4  
  115  11:39  Marauder, Siege Tank  
  121  11:43  Siege Tank  
  124  12:00  Marine x4  
  124  12:09  Marauder  
Tags
 
Add a new tag
Caveats
  • Supply blocks, unpowered buildings, or Contaminate may cause inaccurate times.
  • Supply counts are checked every 10 seconds.